 Dungeon Crawl Stone Soup version 0.30-a0-672-gc3a7216ad8 (webtiles) character file.

Game seed: 15843200558599616280

56224 tilp the Warrior (level 15, -5/141 HPs)
             Began as a Meteoran Fighter on Jan 18, 2023.
             Was an Elder of Okawaru.
             Succumbed to a sea snake's poison
             ... on level 3 of the Shoals.
             The game lasted 00:40:29 (7349 turns).

tilp the Warrior (Meteoran Fighter)                 Turns: 7349, Time: 00:40:29

Health: -5/141     AC: 24    Str: 20    XL:     15   Next: 63%
Magic:  22/23      EV: 22    Int: 10    God:    Okawaru [****..]
Gold:   705        SH:  8    Dex: 20    Spells: 14/14 levels left

rFire   . . .      SeeInvis .    a - +6 scimitar
rCold   . . .      Faith    .    c - +0 buckler
rNeg    . . .      Spirit   .    d - +0 plate armour
rPois   .          Reflect  .    i - +1 helmet
rElec   .          Harm     .    q - scarf {repulsion}
rCorr   .          Rampage  .    y - +1 pair of gloves
Will    +....                    g - +1 pair of boots Stlth
                                 (no amulet)
HPRegen 0.43/turn                A - +5 ring of evasion
MPRegen 0.18/turn                h - +4 ring of slaying

@: lethally poisoned (-5 -> -36), afraid, heroic, attractive, glowing, repel
missiles
A: sense surroundings 2, otherworldly, glowing, explore regen
a: Renounce Religion, Heroism, Finesse


You were on level 3 of the Shoals.
You worshipped Okawaru.
Okawaru was greatly pleased with you.
You visited 4 branches of the dungeon, and saw 19 of its levels.
You also visited: Sewer.

You collected 837 gold pieces.
You spent 132 gold pieces at shops.

Inventory:

Hand Weapons
 a - a +6 scimitar (weapon)
 b - a +0 long sword of flaming
 e - a +4 scimitar
 x - a +6 great sword of freezing
Missiles
 m - 34 poisoned darts (quivered)
 z - 7 curare-tipped darts
 C - 7 boomerangs
 J - 15 javelins
 K - a boomerang of dispersal
 S - 5 silver javelins
 U - an atropa-tipped dart
 W - 3 silver boomerangs
Armour
 c - a +0 buckler (worn)
 d - a +0 plate armour (worn)
 g - a +1 pair of boots (worn)
 i - a +1 helmet (worn)
 q - a scarf of repulsion (worn)
 w - a +0 cloak
 y - a +1 pair of gloves (worn)
Jewellery
 h - a +4 ring of slaying (right hand)
 r - a ring of ice
 s - a ring of fire
 t - a ring of fire
 v - a +6 ring of intelligence
 A - a +5 ring of evasion (left hand)
 L - a ring of protection from fire
 Q - a +6 ring of dexterity
 V - a ring of fire
Wands
 E - a wand of mindburst (2)
 R - a wand of acid (3)
 T - a wand of digging (7)
Scrolls
 l - 3 scrolls of immolation
 B - 5 scrolls of teleportation
 D - 4 scrolls of blinking
 F - 4 scrolls of vulnerability
 H - 4 scrolls of enchant weapon
 I - a scroll of torment
 N - 2 scrolls of fear
 O - 2 scrolls of silence
 P - 3 scrolls of amnesia
Potions
 j - 4 potions of mutation
 k - 2 potions of berserk rage
 n - 3 potions of brilliance
 o - a potion of magic
 p - a potion of haste
 u - a potion of attraction
 G - a potion of flight
 M - a potion of lignification


   Skills:
 * Level 15.1(20.1) Fighting
 + Level 14.0(19.0) Long Blades
 + Level 6.2(11.2) Throwing
 + Level 10.1(15.1) Armour
 + Level 15.0(20.0) Dodging
 - Level 4.0(9.0) Stealth
 - Level 6.0(11.0) Shields
 * Level 10.3 Invocations
 + Level 6.1 Evocations


You had 14 spell levels left.
You didn't know any spells.
Your spell library was empty.

Dungeon Overview and Level Annotations

Branches:
Dungeon (10/15) Zot: 1888  Temple (1/1) D:6 Zot: 556    Lair (5/5) D:8 Zot: 626
 Shoals (3/4) Lair:3 Zot: 1387   Snake (0/4) Lair:2        Slime (0/5) Lair:5
  Sewer (visited)
    Orc: D:9-12

Altars:
Ashenzari
Cheibriados
Dithmenos
Elyvilon
Fedhas
Gozag
Hepliaklqana
Kikubaaqudgha
Makhleb
Nemelex Xobeh
Okawaru
Qazlal
Ru
Sif Muna
Trog
Uskayaw
Vehumet
Wu Jian
Xom
Yredelemnul
Zin
The Shining One

Shops:
D:6 ((   D:7 *

Annotations:
D:8 2 transporters, heinrich's ghost, novice VSBr
Shoals:1 Tiucw's ghost, adept BaCj


Innate Abilities, Weirdness & Mutations

You passively map the area around you.
You are easily found by Zot.
You glow in the dark.
You regain HP and MP as you explore.


Message History

* * * LOW HITPOINT WARNING * * *
The satyr hits you from afar with a +0 spear.
* * * LOW HITPOINT WARNING * * *
You slash the sea snake!
The sea snake is severely wounded.
* * * LOW HITPOINT WARNING * * *
You feel very sick. The faun hits you but does no damage.
The sea snake bites you but does no damage.
The satyr plays a frightful melody on his pipes!
The satyr radiates an aura of fear!
You are terrified of the satyr!
Unknown command.
You feel better. The faun misses you. The sea snake bites you!
* * * LOW HITPOINT WARNING * * *
You are lethally poisoned!
The sea snake poisons you! You block the satyr's attack.
Unknown command.
You hit the sea snake.
The sea snake is almost dead.
* * * LOW HITPOINT WARNING * * *
You feel extremely sick. The sea snake misses you. The faun closely misses you.
Unknown command.
You slash the sea snake!
You kill the sea snake!
Okawaru accepts your kill.
* * * LOW HITPOINT WARNING * * *
You feel very sick.
The satyr unwields a +0 spear.
The satyr wields a +0 longbow.
The satyr shoots an arrow.
The arrow hits you.
* * * LOW HITPOINT WARNING * * *
Unknown command.
Okay, then.
Really quaff the potion of attraction?
Okay, then.
Unknown command.
Really quaff the potion of attraction?
You feel attractive to monsters.
You die...

~~ ~ *
.~~~≈≈≈≈≈≈≈≈~~~~..~~.
#~~≈≈≈≈≈≈≈≈≈≈~~~..~~~ ~~~
~ ..~≈≈≈≈≈≈≈≈≈≈~~~~~~~~
~~~ ~~~~~~≈≈≈~~~~~~~~~~.
~~~~~~
~....~≈≈~~.....~~~~. ~
~~~~ *#.~≈~~.###..~..~
~~~~ ≈≈~~~ * #..~~~.#
#...... ~ ~
~≈≈~~~c###.~~~~.###.....~
~~
≈≈≈~cc†@..~~~~~....~~~~~
~ ~
≈≈≈~~c~~~~~~~~~~..~~~~~~
~
~≈≈≈≈~~~~~~~≈≈~~~~~~~~~~~
~
≈≈≈≈≈~~~~~≈≈≈≈~~~~~≈≈~~.
~ ~ ~ ~
≈≈≈≈≈≈≈≈≈≈≈≈≈≈≈≈≈≈≈≈≈~~.
~ ~
≈≈≈≈≈≈≈≈≈≈≈≈≈≈≈≈≈≈≈≈≈~~~
~≈≈≈≈≈≈≈≈≈≈≈≈≈≈≈≈≈≈≈≈≈≈~~
~
≈≈≈≈≈≈≈≈≈≈≈≈≈≈≈≈≈≈≈≈≈≈≈≈
~~ ~~ ≈≈≈≈≈≈≈≈≈≈≈≈≈≈≈


You could see a satyr (scary) and 3 fauns.

Vanquished Creatures
  Kirke (Lair:3)
  A merfolk impaler (Arena)
  6 hydras
  2 boulder beetles
  8 death yaks
  2 satyrs
  A goliath frog (Lair:5)
  4 sea snakes
  9 harpies
  A manticore (Shoals:1)
  4 fauns (Shoals:3)
  12 elephants
  A merfolk siren (Shoals:1)
  Joseph (Lair:1)
  A torpor snail (Lair:5)
  18 cane toads
  5 black mambas
  7 komodo dragons
  A rime drake (Lair:5)
  2 wind drakes
  2 polar bears (Lair:3)
  3 tyrant leeches (Lair:5)
  A hornet (D:9)
  6 merfolk
  14 blink frogs
  11 dream sheep
  A snapping turtle (Shoals:3)
  3 wyverns
  22 yaks
  2 hogs (Lair:3)
  3 basilisks
  5 vampire mosquitoes (Lair:5)
  4 humans (Lair:3)
  The ghost of initializr the Grave Robber, an amateur HuNe (D:3)
  A naga (Lair:2)
  16 water moccasins
  2 ice beasts (D:8)
  2 sky beasts
  3 black bears
  21 wolves
  A centaur (D:6)
  2 ogres
  3 kobold brigands
  Blork the orc (D:6)
  9 bullfrogs
  2 scorpions (D:5)
  18 wights
  18 killer bees
  2 howler monkeys
  4 electric eels
  A centaur zombie (D:6)
  3 hounds
  15 jellies
  6 orc priests
  Terence (D:2)
  4 orc wizards
  6 iguanas
  7 gnolls
  7 adders
  2 shadow imps
  2 white imps (D:6)
  An ufetubus (D:6)
  A worm (D:3)
  2 dart slugs
  15 orcs
  12 endoplasms
  11 giant cockroaches
  5 goblins
  6 hobgoblins
  9 jackals
  18 kobolds
  6 quokkas
  12 ball pythons
  4 bats
  5 frilled lizards
  6 rats
437 creatures vanquished.

Vanquished Creatures (others)
  A water nymph (Shoals:3)
  A quokka (D:5)
  22 fungi
  86 plants
110 creatures vanquished.

Grand Total: 547 creatures vanquished

Notes
Turn   | Place    | Note
-------+----------+-------------------------------------------
     0 | D:1      | tilp the Meteoran Fighter began the quest for the Orb.
     0 | D:1      | Reached XP level 1. HP: 19/19 MP: 2/2
    56 | D:1      | Reached XP level 2. HP: 21/26 MP: 3/3
    63 | D:1      | Reached skill level 1 in Dodging
   117 | D:1      | Found a faded altar of an unknown god.
   235 | D:1      | Reached XP level 3. HP: 28/31 MP: 4/4
   407 | D:2      | Noticed Terence
   417 | D:2      | Killed Terence
   418 | D:2      | Reached XP level 4. HP: 31/38 MP: 5/5
   539 | D:3      | Identified the +1 leather armour of Dowdy Music {Harm}
   567 | D:3      | Found a glowing drain.
   604 | Sewer    | Entered a sewer
   628 | Sewer    | Reached XP level 5. HP: 46/46 MP: 6/6
   664 | Sewer    | Reached skill level 1 in Stealth
   751 | Sewer    | Reached XP level 6. HP: 32/52 MP: 7/7
   751 | Sewer    | Found a viscous altar of Jiyva.
   823 | Sewer    | Reached XP level 7. HP: 62/67 MP: 8/8
   824 | Sewer    | Reached skill level 10 in Dodging
   824 | Sewer    | Reached XP level 8. HP: 73/78 MP: 9/9
   917 | D:3      | Found a runed translucent door.
   919 | D:3      | Noticed initializr's ghost (amateur HuNe)
   949 | D:3      | Killed initializr's ghost
  1271 | D:5      | Entered Level 5 of the Dungeon
  1388 | D:4      | Reached skill level 10 in Long Blades
  1456 | D:4      | Gained mutation: You passively map the area around you.
                  | [Meteoran growth]
  1456 | D:4      | Reached XP level 9. HP: 80/84 MP: 10/10
  2230 | D:5      | Reached skill level 10 in Fighting
  2414 | D:6      | Found Ypryt's Weapon Shop.
  2445 | D:6      | Noticed Blork the orc
  2453 | D:6      | Killed Blork the orc
  2454 | D:6      | Reached XP level 10. HP: 89/90 MP: 11/11
  2584 | D:6      | Found a staircase to the Ecumenical Temple.
  2599 | Temple   | Entered the Ecumenical Temple
  2685 | D:6      | Found Poiz's Weapon Shoppe.
  2690 | D:6      | Reached skill level 5 in Throwing
  2771 | D:7      | Reached skill level 1 in Evocations
  2941 | D:7      | Found Momifuef's Assorted Antiques.
  2968 | D:7      | Bought a scroll labelled JIWNU LOTARGHEDD for 27 gold
                  | pieces
  2968 | D:7      | Bought a scroll labelled LEUZUT YSI for 27 gold pieces
  2968 | D:7      | Bought a scroll of identify for 54 gold pieces
  2968 | D:7      | Bought a glowing silvery potion for 24 gold pieces
  3483 | D:8      | Found a staircase to the Lair.
  3553 | D:8      | Reached XP level 11. HP: 101/101 MP: 12/12
  3572 | D:8      | Found a transporter.
  3573 | D:8      | Noticed a cyclops
  3574 | D:8      | Noticed heinrich's ghost (novice VSBr)
  3586 | D:8      | Found a transporter.
  4036 | D:10     | Entered Level 10 of the Dungeon
  4085 | D:9      | Found a broken altar of Ashenzari.
  4241 | D:9      | Found a sacrificial altar of Ru.
  4247 | D:9      | Found an iron altar of Okawaru.
  4247 | D:9      | Found a burning altar of Makhleb.
  4248 | D:9      | Found a snail-covered altar of Cheibriados.
  4249 | D:9      | Found an ancient bone altar of Kikubaaqudgha.
  4269 | D:9      | Found a basalt altar of Yredelemnul.
  4269 | D:9      | Found a glowing silver altar of Zin.
  4270 | D:9      | Found a blossoming altar of Fedhas.
  4280 | D:9      | Became a worshipper of Warmaster Okawaru
  4347 | Lair:1   | Entered Level 1 of the Lair of Beasts
  4357 | Lair:1   | Noticed a boulder beetle
  4367 | Lair:1   | Killed a boulder beetle
  4367 | Lair:1   | Reached * piety under Okawaru
  4402 | Lair:1   | You fall into a shaft and drop 1 floor!
  4445 | Lair:2   | Noticed a black mamba
  4452 | Lair:2   | Killed a black mamba
  4452 | Lair:2   | Reached ** piety under Okawaru
  4453 | Lair:2   | Reached skill level 5 in Evocations
  4633 | Lair:2   | Reached *** piety under Okawaru
  4672 | Lair:2   | Reached XP level 12. HP: 94/110 MP: 13/13
  4770 | Lair:1   | Received a gift from Okawaru
  4801 | Lair:1   | Reached **** piety under Okawaru
  4807 | Lair:1   | Received a gift from Okawaru
  4820 | Lair:1   | Noticed Joseph
  4833 | Lair:1   | Killed Joseph
  4995 | Lair:2   | Reached skill level 1 in Invocations
  4997 | Lair:2   | Received a gift from Okawaru
  5030 | Lair:2   | Noticed a boulder beetle
  5055 | Lair:2   | Killed a boulder beetle
  5088 | Lair:2   | Found a staircase to the Snake Pit.
  5127 | Lair:3   | Noticed a four-headed hydra
  5134 | Lair:2   | Killed a one-headed hydra
  5154 | Lair:3   | Reached XP level 13. HP: 115/119 MP: 16/16
  5319 | Lair:3   | Noticed a six-headed hydra
  5354 | Lair:3   | Killed a one-headed hydra
  5354 | Lair:3   | Received a gift from Okawaru
  5355 | Lair:3   | Reached skill level 5 in Shields
  5366 | Lair:3   | Reached skill level 5 in Invocations
  5446 | Lair:3   | Received a gift from Okawaru
  5475 | Lair:3   | Reached ***** piety under Okawaru
  5574 | Lair:3   | Noticed Kirke
  5597 | Lair:3   | Noticed a sphinx
  5597 | Lair:3   | Killed Kirke
  5658 | Lair:3   | Received a gift from Okawaru
  5769 | Lair:3   | Found a staircase to the Shoals.
  5810 | Lair:4   | Noticed a death yak
  5812 | Lair:4   | Noticed a death yak
  5812 | Lair:4   | Noticed a death yak
  5812 | Lair:4   | Noticed a death yak
  5813 | Lair:4   | Noticed a death yak
  5831 | Lair:4   | Killed a death yak
  5836 | Lair:4   | Killed a death yak
  5852 | Lair:4   | Killed a death yak
  5864 | Lair:4   | Killed a death yak
  5865 | Lair:4   | Reached XP level 14. HP: 67/129 MP: 20/20
  6047 | Lair:5   | Entered Level 5 of the Lair of Beasts
  6069 | Lair:5   | Received a gift from Okawaru
  6071 | Lair:5   | Reached skill level 10 in Armour
  6138 | Lair:4   | Received a gift from Okawaru
  6245 | Arena    | Entered the Arena
  6320 | Lair:5   | Received a gift from Okawaru
  6394 | Lair:5   | Received a gift from Okawaru
  6475 | Lair:5   | Received a gift from Okawaru
  6477 | Lair:5   | Found a staircase to the Slime Pits.
  6509 | Lair:5   | Received a gift from Okawaru
  6510 | Lair:5   | Reached skill level 10 in Invocations
  6654 | Lair:5   | Reached XP level 15. HP: 47/139 MP: 21/23
  6745 | Lair:5   | Received a gift from Okawaru
  6888 | Shoals:1 | Entered Level 1 of the Shoals
  6951 | Shoals:1 | Reached skill level 15 in Fighting
  6962 | Shoals:1 | Noticed Tiucw's ghost (adept BaCj)
  7088 | Arena    | Entered the Arena
  7194 | Shoals:3 | Reached skill level 15 in Dodging
  7348 | Shoals:3 | HP: 3/141 [poisoned by a sea snake]
  7348 | Shoals:3 | HP: 1/141 [satyr/arrow (2)]
  7349 | Shoals:3 | Succumbed to a sea snake's poison

Illustrated notes

Levels and vault maps discovered:
D:1:      lightli_arrival_lavapool, layout_basic,
          dilly_ecumenical_altar_fadedgnrine, chequers_serial_rivers_micro_e,
          minmay_3d_cube
D:2:      layout_basic, minivault_25, minivault_25, minmay_tripent, uniq_terence
D:3:      layout_basic, ebering_ghost_sewer_d, portal_sewer_entry_a,
          columned_hall_lemuel
D:4:      layout_rooms, patterned_corridor
D:5:      layout_loops_corners, amethyst_killhole, lemuel_flame_loot_1
D:6:      layout_basic, minmay_temple_entry_statues, serial_shops, shop, shop,
          serial_undead, serial_undead_f, serial_undead_d, serial_undead_f,
          serial_undead_b, uniq_blork_the_orc
D:7:      layout_basic, serial_shops, shop
D:8:      layout_basic, david_lair_generic, gammafunk_ghost_arena
D:9:      layout_basic, mainiacjoe_overflow_surrounded_room,
          grunt_temple_overflow_open, nzn_sisyphean_effort
D:10:     layout_stronghold, orc_0_dummy, nicolae_hexahallways,
          serial_bayou_pond_d, eino_jars, uniq_gastronok, uniq_psyche,
          uniq_harold, uniq_urug
Temple:   cyrus_circular_temple
Lair:1:   layout_loops_ring, uniq_joseph
Lair:2:   layout_loops_ring, guppyfry_snake_entry_island, lemuel_fruit_tree,
          infiniplex_staircase_pool, grunt_megastairs_4, serial_bayou_shore_a
Lair:3:   layout_big_grid, elwin_shoals_entry_rocks,
          nicolae_quartered_pool_medium, uniq_kirke
Lair:4:   layout_misc_corridors, pdpol_lair_cavern_descent, grunt_megastairs_5,
          lemuel_fruit_fields
Lair:5:   minmay_lair_end_frog_pond, layout_small_grid,
          minmay_slime_entry_jelly_boxes, mumra_transporter_accident,
          wad_woods_road_05
Shoals:1: layout_shoals, gammafunk_ghost_wrathful_warriors
Shoals:2: layout_shoals, uniq_jorgrun
Shoals:3: layout_shoals

Skill      XL: |  1  2  3  4  5  6  7  8  9 10 11 12 13 14 15 |
---------------+----------------------------------------------+-----
Dodging        | 1 2 3 8 10 11 12 13 15 | 15.0
Long Blades    | 3 8 9 10 12 13 14 | 14.0
Armour         | 4 6 8 9 10 | 10.1
Shields        | 4 6 |  6.0
Stealth        | 1 3 4 |  4.0
Fighting       | 4 7 9 10 11 12 13 14 15 | 15.1
Throwing       | 4 5 6 |  6.2
Evocations     | 3 6 |  6.1
Invocations    | 3 7 10 | 10.3

Action                   |  1- 3 |  4- 6 |  7- 9 | 10-12 | 13-15 || total
-------------------------+-------+-------+-------+-------+-------++-------
Melee: Long sword        |    82 |   111 |   189 |    71 |    34 ||   487
       Scimitar          |       |       |       |   429 |   735 ||  1164
Throw: Stone             |     1 |     3 |       |       |       ||     4
       Dart              |       |       |     5 |     8 |    10 ||    23
       Boomerang         |       |       |       |       |     6 ||     6
Invok: Heroism           |       |       |       |     4 |    16 ||    20
       Duel              |       |       |       |       |     2 ||     2
Evoke: Wand              |       |       |       |     6 |     7 ||    13
  Use: Potion            |     1 |     1 |     4 |       |     6 ||    12
       Scroll            |       |     8 |     4 |    10 |     6 ||    28
Armor: Scale mail        |    56 |    78 |     6 |       |       ||   140
       Plate armour      |       |       |   109 |   188 |   365 ||   662
Dodge: Dodged            |    38 |    60 |    80 |   272 |   557 ||  1007
       Repelled          |       |       |       |     2 |     2 ||     4
Block: Buckler           |    19 |    45 |    53 |   131 |   306 ||   554

Table legend: (Time is in decaauts)
 A = Elapsed time spent in this place.
 B = Non-inter-level travel time spent in this place.
 C = Inter-level travel time spent in this place.
 D = Time resting spent in this place.
 E = Time spent auto-exploring this place.
 F = Levels seen in this place.
 G = Mean time per level.
                   A        B        C        D        E       F      G
               +--------+--------+--------+--------+--------+-----+--------+
         Total |   7258 |   6296 |    962 |     23 |      0 |  22 |  329.9 |
       Dungeon |   4111 |   3421 |    690 |      0 |      0 |  10 |  411.1 |
        Temple |     43 |     34 |      9 |      0 |      0 |   1 |   43.0 |
          Lair |   2373 |   2126 |    247 |      0 |      0 |   5 |  474.6 |
        Shoals |    412 |    397 |     15 |      0 |      0 |   3 |  137.3 |
         Sewer |    273 |    273 |      0 |      0 |      0 |   1 |  273.0 |
         Arena |     45 |     45 |      0 |     22 |      0 |   2 |   22.5 |
               +--------+--------+--------+--------+--------+-----+--------+

Top non-repeatable levels by time:
     D:8: 693 daAuts
     D:5: 651 daAuts
  Lair:5: 596 daAuts
  Lair:3: 582 daAuts
     D:7: 569 daAuts
  Lair:2: 523 daAuts
     D:3: 491 daAuts
  Lair:4: 437 daAuts
     D:4: 426 daAuts
     D:6: 405 daAuts
     D:9: 330 daAuts
     D:1: 292 daAuts
   Sewer: 273 daAuts
     D:2: 249 daAuts
  Lair:1: 234 daAuts
